[Event "European Online Club-ch-E 2021"]
[Site "Online"]
[Date "2021.03.27"]
[Round "3.12"]
[White "Aydin, Gulenay"]
[Black "Soham Das"]
[Result "0-1"]
[ECO "B13"]
[WhiteElo "1975"]
[BlackElo "2385"]
[Annotator "NA"]
[PlyCount "92"]
[EventDate "2021.03.27"]
[EventType "team-tourn"]
[EventCountry "NET"]
[SourceTitle "playchess.com"]
[Source "ChessBase"]
[SourceQuality "1"]
[TimeControl "900+5"]

1. e4 c6 2. d4 d5 3. exd5 cxd5 4. c4 Nf6 5. Nc3 Nc6 6. Bg5 Ne4 7. Be3 e5 8. Nf3 Bb4 9. Rc1 exd4 10. Nxd4 O-O 11. Be2 dxc4 12. O-O Bxc3 13. bxc3 Ne5 14. f4 Nd3 15. Bxd3 cxd3 16. Qxd3 Re8 17. Rfe1 b6 18. Qc2 Bb7 19. Nf3 Rc8 20. Bd4 Qc7 21. Be5 Qc5+ 22. Bd4 Qf5 23. Ne5 Qxf4 24. Rf1 Qg5 25. Nxf7 Qh5 26. Rce1 Rc7 27. Ne5 Rxe5 28. Bxe5 Qxe5 29. Qb3+ Bd5 30. Qb4 h6 31. Qf8+ Kh7 32. Qf5+ Qxf5 33. Rxf5 Nxc3 34. h3 Bxa2 35. Kh2 b5 36. Rc1 b4 37. Rf2 b3 38. Rb2 a5 39. Re1 a4 40. Re3 a3 41. Rf2 b2 42. Re1 Bb3 43. Rd2 Nd1 44. Rdxd1 Bxd1 45. Rxd1 Rc1 46. Rxc1 bxc1=Q 0-1

[Event "European Online Club-ch-E 2021"]
[Site "Online"]
[Date "2021.03.27"]
[Round "3.13"]
[White "Westerberg, Jonathan"]
[Black "Pavlidis, Antonios"]
[Result "1/2-1/2"]
[ECO "B51"]
[WhiteElo "2534"]
[BlackElo "2536"]
[Annotator "ChessBase"]
[PlyCount "89"]
[EventDate "2021.03.27"]
[EventType "team-tourn"]
[EventCountry "NET"]
[SourceTitle "playchess.com"]
[Source "ChessBase"]
[SourceQuality "1"]
[TimeControl "900+5"]

1. e4 c5 2. Nf3 Nc6 3. Nc3 d6 4. Bb5 Bd7 5. O-O Nf6 6. d3 e6 7. a3 Be7 8. h3 O-O 9. Bf4 a6 10. Bc4 b5 11. Ba2 e5 12. Bg5 Be6 13. Bxf6 Bxf6 14. Nd5 g6 15. c3 Bg7 16. Qd2 h6 17. a4 Kh8 18. Nh2 f5 19. f3 Ne7 20. Nxe7 Qxe7 21. Bxe6 Qxe6 22. Rfe1 d5 23. Nf1 d4 24. cxd4 exd4 25. exf5 Qxf5 26. Ng3 Qd5 27. axb5 axb5 28. Ra5 Rxa5 29. Qxa5 Qb3 30. Qb6 Qxd3 31. Qxc5 Qc4 32. Qd6 d3 33. Rd1 Qd4+ 34. Qxd4 Bxd4+ 35. Kf1 Be5 36. Ne4 Rd8 37. b3 h5 38. Nc5 d2 39. Ne4 Rd3 40. Nxd2 Bf4 41. Ke2 Re3+ 42. Kf2 Rd3 43. Ke2 Re3+ 44. Kf2 Rd3 45. Ke2 1/2-1/2

[Event "European Online Club-ch-E 2021"]
[Site "Online"]
[Date "2021.03.27"]
[Round "3.14"]
[White "Stefanou, Dimitrios"]
[Black "Seo, Jung Min"]
[Result "1-0"]
[ECO "C00"]
[WhiteElo "2099"]
[BlackElo "2453"]
[Annotator "ChessBase"]
[PlyCount "101"]
[EventDate "2021.03.27"]
[EventType "team-tourn"]
[EventCountry "NET"]
[SourceTitle "playchess.com"]
[Source "ChessBase"]
[SourceQuality "1"]
[TimeControl "900+5"]

1. e4 e6 2. Qe2 e5 3. Nf3 Nc6 4. g3 Nf6 5. Bg2 g6 6. O-O Bg7 7. d3 O-O 8. Nc3 d6 9. h3 h6 10. Be3 Be6 11. Rad1 Qe7 12. d4 exd4 13. Nxd4 Nd7 14. Rfe1 Nb6 15. b3 Rae8 16. Qd2 Kh7 17. a4 Qd7 18. Kh2 Qd8 19. f4 Bd7 20. Nce2 Nc8 21. c4 a5 22. Bf2 N8e7 23. Nc3 Nxd4 24. Bxd4 Bxd4 25. Qxd4 Nc6 26. Qf2 Nb4 27. e5 Bf5 28. Be4 Qc8 29. g4 Bd7 30. Bg2 dxe5 31. fxe5 Bc6 32. Nd5 Bxd5 33. cxd5 Qd8 34. Qg3 Qd7 35. h4 Qe7 36. Re4 Rd8 37. d6 Qd7 38. Red4 cxd6 39. Rxd6 Qe7 40. h5 Nc6 41. Bxc6 bxc6 42. Kh3 Rxd6 43. Rxd6 gxh5 44. gxh5 Rg8 45. Rxh6+ Kxh6 46. Qxg8 Qxe5 47. Qxf7 Qxh5+ 48. Qxh5+ Kxh5 49. Kg3 Kh6 50. Kf4 Kg6 51. Ke5 1-0

[Event "European Online Club-ch-E 2021"]
[Site "Online"]
[Date "2021.03.27"]
[Round "3.15"]
[White "Hauge, Lars Oskar"]
[Black "Koutlas, Nikolaos"]
[Result "1-0"]
[ECO "B21"]
[WhiteElo "2483"]
[BlackElo "2078"]
[Annotator "ChessBase"]
[PlyCount "105"]
[EventDate "2021.03.27"]
[EventType "team-tourn"]
[EventCountry "NET"]
[SourceTitle "playchess.com"]
[Source "ChessBase"]
[SourceQuality "1"]
[TimeControl "900+5"]

1. e4 c5 2. Nf3 Nc6 3. d4 cxd4 4. c3 dxc3 5. Nxc3 e6 6. Bc4 Bb4 7. O-O Nge7 8. Nb5 d5 9. exd5 exd5 10. Bxd5 Nxd5 11. Qxd5 O-O 12. Qh5 a6 13. Nc3 Nd4 14. Nxd4 Qxd4 15. Be3 Qg4 16. Qxg4 Bxg4 17. Nd5 Bd6 18. Rac1 Rac8 19. Nb6 Rxc1 20. Rxc1 Be6 21. b3 Rd8 22. f3 h5 23. g3 f6 24. Kf2 Kf7 25. h4 Rg8 26. Bc5 Bb8 27. Be3 g5 28. hxg5 fxg5 29. Rc5 h4 30. g4 Bg3+ 31. Kg2 Re8 32. Bxg5 Bxb3 33. Bxh4 Bxh4 34. axb3 Re2+ 35. Kh3 Bd8 36. Nc4 b5 37. Ne5+ Ke6 38. Nc6 Kd6 39. Rc3 Bc7 40. g5 Rd2 41. f4 Ke6 42. Kg4 Rg2+ 43. Kf3 Rd2 44. Ke3 Rd1 45. Nd4+ Kd7 46. Nf3 Bb6+ 47. Ke4 Rf1 48. f5 a5 49. Ne5+ Kd8 50. g6 Bc7 51. g7 Re1+ 52. Re3 Rg1 53. Ng6 1-0

[Event "European Online Club-ch-E 2021"]
[Site "Online"]
[Date "2021.03.27"]
[Round "3.16"]
[White "Zisiadis, Dimitrios"]
[Black "Arman, Deniz"]
[Result "0-1"]
[ECO "A33"]
[WhiteElo "2042"]
[BlackElo "2336"]
[Annotator "NA"]
[PlyCount "104"]
[EventDate "2021.03.27"]
[EventType "team-tourn"]
[EventCountry "NET"]
[SourceTitle "playchess.com"]
[Source "ChessBase"]
[SourceQuality "1"]
[TimeControl "900+5"]

1. d4 Nf6 2. c4 c5 3. Nf3 cxd4 4. Nxd4 Nc6 5. Nc3 Qb6 6. Nb3 e6 7. g3 Ne5 8. Be3 Qc6 9. Rg1 Nxc4 10. Bg2 Nxe3 11. fxe3 d5 12. Qd4 Qb6 13. Qd3 Bd7 14. O-O-O Bb4 15. Kb1 O-O 16. Bf3 Rac8 17. Rc1 a5 18. g4 a4 19. g5 Bxc3 20. Rxc3 Rxc3 21. Qxc3 Rc8 22. Qd4 Qxd4 23. exd4 Ne8 24. Nc5 Bc6 25. h4 Nd6 26. Bg4 Kf8 27. Rf1 Ke7 28. h5 Bb5 29. g6 hxg6 30. hxg6 f5 31. Bf3 b6 32. Nd3 Bxd3+ 33. exd3 Nb5 34. Re1 Kf6 35. Bd1 a3 36. Ba4 Nxd4 37. bxa3 b5 38. Bd1 Kxg6 39. Kb2 Kf6 40. a4 bxa4 41. Bxa4 g5 42. Rh1 g4 43. Rh6+ Kg5 44. Rh7 Kg6 45. Rh1 f4 46. Bd7 Rc7 47. Ba4 f3 48. Bd1 Rh7 49. Rg1 Kf5 50. Kc3 e5 51. a4 Kf4 52. a5 g3 0-1

[Event "European Online Club-ch-E 2021"]
[Site "Online"]
[Date "2021.03.27"]
[Round "3.17"]
[White "Sirosh, Ilja"]
[Black "Dedebas, Emre Emin"]
[Result "0-1"]
[ECO "D20"]
[WhiteElo "2400"]
[BlackElo "2335"]
[Annotator "NA"]
[PlyCount "100"]
[EventDate "2021.03.27"]
[EventType "team-tourn"]
[EventCountry "NET"]
[SourceTitle "playchess.com"]
[Source "ChessBase"]
[SourceQuality "1"]
[TimeControl "900+5"]

1. e4 e6 2. d4 d5 3. exd5 exd5 4. Nf3 Bd6 5. c4 dxc4 6. Bxc4 Nf6 7. O-O O-O 8. Nc3 Nc6 9. Bg5 h6 10. Bh4 Bg4 11. h3 Bxf3 12. Qxf3 Nxd4 13. Qxb7 Nf5 14. Bxf6 Qxf6 15. Qf3 Qe5 16. g3 Nd4 17. Qd5 Rab8 18. b3 Qxd5 19. Nxd5 Nf3+ 20. Kg2 Nd2 21. Rfc1 Be5 22. Rab1 Nxb1 23. Rxb1 Rfe8 24. a4 Bd6 25. Rd1 Kf8 26. Rd3 c6 27. Ne3 Bc5 28. Nf5 Red8 29. Rf3 Rb7 30. a5 Rd2 31. a6 Rc7 32. g4 Rcd7 33. Ng3 Bb6 34. Ne4 R2d4 35. Ng3 g6 36. Rc3 Kg7 37. Rf3 Rd2 38. Nf1 Rb2 39. Ng3 Re7 40. h4 f6 41. h5 Re3 42. hxg6 Rxf3 43. Kxf3 Rxf2+ 44. Ke4 Kxg6 45. Nf5 Kg5 46. Ne7 Kxg4 47. Nxc6 h5 48. Be6+ Kg5 49. Bc8 h4 50. Nb4 Rf4+ 0-1

[Event "European Online Club-ch-E 2021"]
[Site "Online"]
[Date "2021.03.27"]
[Round "3.18"]
[White "Angun, Batu"]
[Black "Chukavin, Kirill"]
[Result "1-0"]
[ECO "D46"]
[WhiteElo "2326"]
[BlackElo "2384"]
[Annotator "NA"]
[PlyCount "77"]
[EventDate "2021.03.27"]
[EventType "team-tourn"]
[EventCountry "NET"]
[SourceTitle "playchess.com"]
[Source "ChessBase"]
[SourceQuality "1"]
[TimeControl "900+5"]

1. d4 Nf6 2. c4 e6 3. Nf3 d5 4. Nc3 c6 5. e3 Nbd7 6. Qc2 Bd6 7. Bd3 O-O 8. O-O dxc4 9. Bxc4 b5 10. Be2 Bb7 11. Rd1 Qe7 12. e4 e5 13. dxe5 Nxe5 14. Nd4 Bc5 15. Be3 Neg4 16. Nf5 Qe5 17. Bxg4 Nxg4 18. Bxc5 Qxc5 19. Qd2 Bc8 20. Qd4 Qxd4 21. Nxd4 Re8 22. Nxc6 Bb7 23. Rd6 a6 24. Na5 b4 25. Na4 Bxe4 26. f3 Bc2 27. Nb6 Ne5 28. Nxa8 Rxa8 29. Re1 f6 30. f4 Nd3 31. Re7 Nxf4 32. Rdd7 Bf5 33. Rb7 Rc8 34. Rbc7 Rd8 35. Re1 h5 36. Nc6 Rd2 37. Ne7+ Kh8 38. Nxf5 Rxg2+ 39. Kh1 1-0

[Event "European Online Club-ch-E 2021"]
[Site "Online"]
[Date "2021.03.27"]
[Round "3.19"]
[White "Kukk, Sander"]
[Black "Tarlabasi, Emirhan"]
[Result "1/2-1/2"]
[ECO "D05"]
[WhiteElo "2230"]
[BlackElo "2301"]
[Annotator "NA"]
[PlyCount "94"]
[EventDate "2021.03.27"]
[EventType "team-tourn"]
[EventCountry "NET"]
[SourceTitle "playchess.com"]
[Source "ChessBase"]
[SourceQuality "1"]
[TimeControl "900+5"]

1. b3 d5 2. e3 c5 3. Bb2 Nc6 4. Nf3 Nf6 5. d4 e6 6. a3 b6 7. Bd3 Bb7 8. Nbd2 Be7 9. O-O O-O 10. Qe2 Rc8 11. Ne5 Nd7 12. f4 f5 13. c4 Nf6 14. cxd5 Nxd5 15. Ndf3 cxd4 16. Nxc6 Rxc6 17. Nxd4 Rd6 18. Bc4 Bf6 19. Rad1 Kh8 20. Nb5 Rd7 21. Bxf6 Qxf6 22. Bxd5 Bxd5 23. Nd4 h6 24. Nf3 Rc7 25. Rd3 Rfc8 26. Nd4 Be4 27. Rd2 Rc3 28. Rfd1 Kh7 29. Qf2 e5 30. fxe5 Qxe5 31. Qf4 Qxf4 32. exf4 a6 33. a4 Rc1 34. Rxc1 Rxc1+ 35. Kf2 Rc3 36. g3 g5 37. Ne6 gxf4 38. Rd7+ Kg8 39. Nxf4 Rxb3 40. Nh5 Kf8 41. Nf6 Rb4 42. Ke3 Rxa4 43. h4 Rc4 44. Nh7+ Ke8 45. Nf6+ Kf8 46. Nh7+ Ke8 47. Nf6+ Kf8 1/2-1/2

[Event "European Online Club-ch-E 2021"]
[Site "Online"]
[Date "2021.03.27"]
[Round "3.20"]
[White "Dolgun, Can"]
[Black "Valner, Uku"]
[Result "0-1"]
[ECO "C17"]
[WhiteElo "2133"]
[BlackElo "2296"]
[Annotator "NA"]
[PlyCount "74"]
[EventDate "2021.03.27"]
[EventType "team-tourn"]
[EventCountry "NET"]
[SourceTitle "playchess.com"]
[Source "ChessBase"]
[SourceQuality "1"]
[TimeControl "900+5"]

1. e4 e6 2. d4 d5 3. Nc3 Bb4 4. e5 c5 5. Bd2 Ne7 6. Nb5 Bxd2+ 7. Qxd2 O-O 8. c3 b6 9. f4 Ba6 10. Nf3 Nbc6 11. a4 cxd4 12. cxd4 Na5 13. Rd1 Nc4 14. Qf2 Nf5 15. Bd3 Bxb5 16. axb5 Rc8 17. Ra1 Qe7 18. O-O h6 19. b3 Nce3 20. Bxf5 Nxf1 21. Bd3 Nxh2 22. Kxh2 Rc3 23. Bf1 Rfc8 24. Ra2 Rxb3 25. Rc2 Rbc3 26. Rxc3 Rxc3 27. Qb2 Qc7 28. Qb4 g6 29. Qd6 Qc8 30. Qb4 Kg7 31. Kg3 Rc1 32. Bd3 Rd1 33. Qb3 Rc1 34. Qb4 Ra1 35. Qb2 Rc1 36. Nd2 Qc3 37. Nf3 Qxb2 0-1

[Event "European Online Club-ch-E 2021"]
[Site "Online"]
[Date "2021.03.27"]
[Round "4.1"]
[White "Coursaget, Nicolas"]
[Black "Angun, Batu"]
[Result "0-1"]
[ECO "D85"]
[WhiteElo "2192"]
[BlackElo "2326"]
[Annotator "NA"]
[PlyCount "66"]
[EventDate "2021.03.27"]
[EventType "team-tourn"]
[EventCountry "NET"]
[SourceTitle "playchess.com"]
[Source "ChessBase"]
[SourceQuality "1"]
[TimeControl "900+5"]

1. d4 Nf6 2. Nf3 g6 3. c4 Bg7 4. Nc3 d5 5. cxd5 Nxd5 6. e4 Nxc3 7. bxc3 c5 8. Be3 O-O 9. Rb1 Qa5 10. Qd2 b6 11. Bb5 Bb7 12. e5 Rd8 13. O-O Bxf3 14. gxf3 Bxe5 15. Qe2 Bf6 16. dxc5 a6 17. Bd3 bxc5 18. Be4 Ra7 19. c4 Qc7 20. Rfd1 Bd4 21. f4 Nc6 22. Qg4 e6 23. f5 exf5 24. Bxf5 Bxe3 25. fxe3 Qe5 26. Rxd8+ Nxd8 27. Be4 Re7 28. Bf3 Qxe3+ 29. Kg2 Ne6 30. Qh4 Nf4+ 31. Kg3 Ne2+ 32. Kg2 Re5 33. Qf6 Nf4+ 0-1

[Event "European Online Club-ch-E 2021"]
[Site "Online"]
[Date "2021.03.27"]
[Round "4.2"]
[White "Ozenir, Ekin Baris"]
[Black "Barbini, Denis"]
[Result "1-0"]
[ECO "E01"]
[WhiteElo "2309"]
[BlackElo "2035"]
[Annotator "NA"]
[PlyCount "65"]
[EventDate "2021.03.27"]
[EventType "team-tourn"]
[EventCountry "NET"]
[SourceTitle "playchess.com"]
[Source "ChessBase"]
[SourceQuality "1"]
[TimeControl "900+5"]

1. d4 d5 2. c4 c6 3. Nf3 Nf6 4. Qc2 e6 5. Nbd2 Nbd7 6. g3 Bd6 7. Bg2 O-O 8. O-O Re8 9. b3 dxc4 10. Nxc4 Bf8 11. Bb2 c5 12. Rad1 Qc7 13. Nfe5 cxd4 14. Bxd4 a6 15. Qb2 Nd5 16. Rc1 Qd8 17. Rfd1 b5 18. Ne3 Bb7 19. Nxd5 exd5 20. Nc6 Bxc6 21. Rxc6 Qg5 22. e3 Ne5 23. Bxe5 Qxe5 24. Qxe5 Rxe5 25. Rxd5 Rxd5 26. Bxd5 Rd8 27. e4 Rd6 28. Rc7 Rf6 29. e5 Rf5 30. f4 g6 31. Bf3 Bb4 32. Bg4 Ba5 33. Rc8+ 1-0

[Event "European Online Club-ch-E 2021"]
[Site "Online"]
[Date "2021.03.27"]
[Round "4.3"]
[White "Lejeune, Gael"]
[Black "Tarlabasi, Emirhan"]
[Result "0-1"]
[ECO "C01"]
[WhiteElo "2070"]
[BlackElo "2301"]
[Annotator "NA"]
[PlyCount "98"]
[EventDate "2021.03.27"]
[EventType "team-tourn"]
[EventCountry "NET"]
[SourceTitle "playchess.com"]
[Source "ChessBase"]
[SourceQuality "1"]
[TimeControl "900+5"]

1. d4 d5 2. Nc3 e6 3. e4 Bb4 4. exd5 exd5 5. Bd3 Nf6 6. Nge2 O-O 7. Bg5 c5 8. dxc5 Nbd7 9. O-O Bxc3 10. Nxc3 Qa5 11. Bf5 Qxc5 12. Bxd7 Nxd7 13. Qxd5 Qxd5 14. Nxd5 f6 15. Bf4 Nb6 16. Nc7 Rb8 17. Nb5 Ra8 18. Bd6 Rd8 19. Rfd1 Bf5 20. Nd4 Bg4 21. Bc7 Rd7 22. Bxb6 Bxd1 23. Rxd1 axb6 24. a3 Rad8 25. c3 Kf7 26. f3 g6 27. Kf2 Re8 28. Rd2 h6 29. a4 Ra8 30. b3 Rc8 31. Rd3 f5 32. Ke2 Kf6 33. Kd2 Rcd8 34. Re3 Re7 35. Rd3 Rde8 36. h4 Re1 37. c4 Rg1 38. Nb5 Rxg2+ 39. Kc3 Rg3 40. Kb4 g5 41. hxg5+ Kxg5 42. Nc7 Re7 43. f4+ Kg4 44. Rxg3+ Kxg3 45. Nd5 Re6 46. Kb5 h5 47. Nxb6 h4 48. c5 h3 49. Nc4 h2 0-1

[Event "European Online Club-ch-E 2021"]
[Site "Online"]
[Date "2021.03.27"]
[Round "4.4"]
[White "Dolgun, Can"]
[Black "Marchadour, Emilie"]
[Result "1-0"]
[ECO "B47"]
[WhiteElo "2133"]
[BlackElo "2006"]
[Annotator "NA"]
[PlyCount "55"]
[EventDate "2021.03.27"]
[EventType "team-tourn"]
[EventCountry "NET"]
[SourceTitle "playchess.com"]
[Source "ChessBase"]
[SourceQuality "1"]
[TimeControl "900+5"]

1. e4 c5 2. Nf3 e6 3. d4 cxd4 4. Nxd4 Nc6 5. Nc3 Qc7 6. Ndb5 Qb8 7. Be3 a6 8. Nd4 Nf6 9. Bd3 Bb4 10. O-O Bxc3 11. bxc3 O-O 12. f4 d6 13. Nxc6 bxc6 14. e5 Nd5 15. Bd4 c5 16. Bf2 dxe5 17. Bxc5 exf4 18. Bxf8 Kxf8 19. Qh5 Ne3 20. Qc5+ Kg8 21. Rfb1 Bb7 22. Be4 Ra7 23. Qxa7 Qxa7 24. Rxb7 Qa8 25. Rab1 f5 26. Rb8+ Qxb8 27. Rxb8+ Kf7 28. Bd3 1-0

[Event "European Online Club-ch-E 2021"]
[Site "Online"]
[Date "2021.03.27"]
[Round "4.5"]
[White "Kanakaris, Georgios"]
[Black "Sirosh, Ilja"]
[Result "1-0"]
[ECO "A48"]
[WhiteElo "2400"]
[BlackElo "2400"]
[Annotator "NA"]
[PlyCount "145"]
[EventDate "2021.03.27"]
[EventType "team-tourn"]
[EventCountry "NET"]
[SourceTitle "playchess.com"]
[Source "ChessBase"]
[SourceQuality "1"]
[TimeControl "900+5"]

1. Nf3 d5 2. d4 c5 3. e3 Nf6 4. b3 Nc6 5. Bb2 cxd4 6. exd4 g6 7. Be2 Bg7 8. O-O O-O 9. Re1 Bf5 10. c3 Rc8 11. Nbd2 Ne4 12. Nxe4 dxe4 13. Nh4 Be6 14. g3 g5 15. Ng2 f5 16. f3 exf3 17. Bxf3 Bd5 18. Bxd5+ Qxd5 19. Ne3 Qd7 20. Qf3 e5 21. Ba3 Rf7 22. d5 Nd8 23. Qh5 f4 24. Ng4 Rf5 25. Nh6+ Bxh6 26. Qxh6 Nf7 27. Qe6 Qxe6 28. dxe6 Nd8 29. g4 Rf6 30. Rxe5 Nxe6 31. Rae1 Kf7 32. c4 Rd8 33. Kf2 Rd2+ 34. R1e2 Rxe2+ 35. Kxe2 Kg6 36. Be7 Nd4+ 37. Kf2 Re6 38. Rxg5+ Kf7 39. Bc5 Re4 40. Rd5 Ne6 41. Kf3 Re1 42. Bxa7 Rf1+ 43. Kg2 Ra1 44. Rd7+ Kg6 45. Rd2 Ng5 46. Rd6+ Kf7 47. Rf6+ Ke7 48. Rxf4 Rxa2+ 49. Bf2 Rb2 50. b4 Ne6 51. Re4 Kf7 52. b5 Nc5 53. Rd4 Ke6 54. Kg3 Rb3+ 55. Kh4 Rb2 56. Bg3 Rc2 57. Kh5 Nb3 58. Rd6+ Ke7 59. Rh6 Rxc4 60. Rxh7+ Kf6 61. Rxb7 Rc5+ 62. Kh6 Nd4 63. Bh4+ Ke6 64. Re7+ Kd5 65. Bg3 Rxb5 66. Re5+ Kc6 67. Rxb5 Nxb5 68. Kg7 Nd4 69. h4 Kd5 70. h5 Ke4 71. h6 Ne6+ 72. Kf6 Nf8 73. Bd6 1-0

[Event "European Online Club-ch-E 2021"]
[Site "Online"]
[Date "2021.03.27"]
[Round "4.6"]
[White "Chukavin, Kirill"]
[Black "Stefanou, Dimitrios"]
[Result "1-0"]
[ECO "C47"]
[WhiteElo "2384"]
[BlackElo "2099"]
[Annotator "NA"]
[PlyCount "59"]
[EventDate "2021.03.27"]
[EventType "team-tourn"]
[EventCountry "NET"]
[SourceTitle "playchess.com"]
[Source "ChessBase"]
[SourceQuality "1"]
[TimeControl "900+5"]

1. e4 e5 2. Nf3 Nc6 3. Nc3 Nf6 4. Be2 d5 5. exd5 Nxd5 6. O-O Nxc3 7. bxc3 Bd6 8. d4 O-O 9. Re1 exd4 10. cxd4 Bg4 11. Be3 h6 12. c4 Bb4 13. Rf1 Be7 14. Rb1 b6 15. h3 Bf5 16. Rb5 Qc8 17. Bd3 Bxd3 18. Qxd3 a6 19. Rh5 Qe6 20. Re1 Nb4 21. Qb3 Qg6 22. g4 Nc6 23. Qa4 f5 24. Qc2 Nb4 25. Qb1 Rf6 26. Ne5 Qh7 27. Rxf5 Rxf5 28. gxf5 Bd6 29. Ng6 Nc6 30. Qe4 1-0

[Event "European Online Club-ch-E 2021"]
[Site "Online"]
[Date "2021.03.27"]
[Round "4.7"]
[White "Apostolakakis, Konstantinos"]
[Black "Kukk, Sander"]
[Result "0-1"]
[ECO "D03"]
[WhiteElo "2074"]
[BlackElo "2230"]
[Annotator "NA"]
[PlyCount "66"]
[EventDate "2021.03.27"]
[EventType "team-tourn"]
[EventCountry "NET"]
[SourceTitle "playchess.com"]
[Source "ChessBase"]
[SourceQuality "1"]
[TimeControl "900+5"]

1. d4 g6 2. Nf3 Bg7 3. c3 Nf6 4. Bg5 O-O 5. Nbd2 d5 6. e3 b6 7. Be2 Bb7 8. O-O Nbd7 9. a4 a5 10. b4 axb4 11. cxb4 c5 12. bxc5 bxc5 13. Rb1 Bc6 14. Bb5 Bxb5 15. Rxb5 c4 16. Ne5 e6 17. Qc2 Qc8 18. Nxd7 Nxd7 19. Rfb1 f5 20. a5 Qc6 21. Bf4 Ra6 22. Rb7 Rc8 23. Qc3 h6 24. h4 Qa4 25. R1b5 Qd1+ 26. Kh2 Nf6 27. f3 Nh5 28. Rd7 Nxf4 29. exf4 Qe1 30. Rbb7 Qxh4+ 31. Kg1 Bh8 32. Qa3 Bxd4+ 33. Kf1 Qf2# 0-1

[Event "European Online Club-ch-E 2021"]
[Site "Online"]
[Date "2021.03.27"]
[Round "4.8"]
[White "Nestor, Kaarel"]
[Black "Zisiadis, Dimitrios"]
[Result "0-1"]
[ECO "E11"]
[WhiteElo "2134"]
[BlackElo "2042"]
[Annotator "NA"]
[PlyCount "150"]
[EventDate "2021.03.27"]
[EventType "team-tourn"]
[EventCountry "NET"]
[SourceTitle "playchess.com"]
[Source "ChessBase"]
[SourceQuality "1"]
[TimeControl "900+5"]

1. d4 Nf6 2. Nf3 e6 3. c4 Bb4+ 4. Bd2 a5 5. Qc2 O-O 6. e4 d6 7. Bd3 h6 8. O-O Bxd2 9. Nbxd2 Nc6 10. a3 e5 11. Qc3 Qe7 12. Rfe1 a4 13. Rac1 Bg4 14. c5 Nh5 15. Bb5 exd4 16. Nxd4 Ne5 17. f3 Bd7 18. Bxd7 Qxd7 19. Nf5 Kh7 20. Nc4 Nxc4 21. Qxc4 g6 22. Ne3 dxc5 23. Qxc5 c6 24. Ng4 Rad8 25. Qe3 Qd4 26. Rc2 Nf4 27. g3 Ne6 28. Kg2 Qxe3 29. Rxe3 Rd4 30. Ne5 Kg7 31. f4 Rfd8 32. Nf3 Rd3 33. Kf2 Rd1 34. Ke2 R1d7 35. Kf2 Rd1 36. h4 Nd4 37. Nxd4 R8xd4 38. Rce2 Kf6 39. e5+ Ke6 40. Kf3 h5 41. Re4 c5 42. Rxd4 Rxd4 43. Rc2 Kd5 44. Ke2 b5 45. Rc3 b4 46. Rc1 bxa3 47. bxa3 c4 48. Rc3 Ke4 49. Re3+ Kf5 50. e6 fxe6 51. Re5+ Kf6 52. Ra5 Rd3 53. Rxa4 Rxg3 54. Rxc4 Rxa3 55. Rc5 Rh3 56. Kf2 Rxh4 57. Kg3 Rg4+ 58. Kf3 Rg1 59. Kf2 Rd1 60. Kf3 Rd5 61. Rc8 Ra5 62. Rf8+ Kg7 63. Re8 Kf7 64. Rh8 e5 65. Ke4 exf4 66. Kxf4 Kg7 67. Rb8 Rf5+ 68. Ke4 h4 69. Rb7+ Kh6 70. Rb8 Kg5 71. Rh8 Kg4 72. Rh6 g5 73. Ke3 Kg3 74. Ke4 Rf1 75. Rh5 g4 0-1

[Event "European Online Club-ch-E 2021"]
[Site "Online"]
[Date "2021.03.27"]
[Round "4.9"]
[White "Caglar, Sila"]
[Black "Westerberg, Jonathan"]
[Result "0-1"]
[ECO "B45"]
[WhiteElo "2250"]
[BlackElo "2534"]
[Annotator "ChessBase"]
[PlyCount "62"]
[EventDate "2021.03.27"]
[EventType "team-tourn"]
[EventCountry "NET"]
[SourceTitle "playchess.com"]
[Source "ChessBase"]
[SourceQuality "1"]
[TimeControl "900+5"]

1. e4 c5 2. Nf3 Nc6 3. d4 cxd4 4. Nxd4 Nf6 5. Nc3 e6 6. Ndb5 Bc5 7. Bf4 O-O 8. Bc7 Qe7 9. Bd6 Bxd6 10. Qxd6 Qd8 11. O-O-O a6 12. Nd4 Qb6 13. Nxc6 bxc6 14. f3 Ne8 15. Qd4 Qc7 16. h4 d5 17. exd5 cxd5 18. h5 h6 19. g4 Rb8 20. f4 a5 21. a3 Nd6 22. Bd3 Qb6 23. Qxb6 Rxb6 24. g5 Ba6 25. Rdg1 Bxd3 26. cxd3 Nf5 27. Rh2 hxg5 28. Rxg5 f6 29. Rg6 Kf7 30. Rg1 Rc8 31. Kb1 Rxc3 0-1

[Event "European Online Club-ch-E 2021"]
[Site "Online"]
[Date "2021.03.27"]
[Round "4.10"]
[White "Seo, Jung Min"]
[Black "Kocyigit, Buse Naz"]
[Result "1-0"]
[ECO "A01"]
[WhiteElo "2453"]
[BlackElo "2143"]
[Annotator "ChessBase"]
[PlyCount "95"]
[EventDate "2021.03.27"]
[EventType "team-tourn"]
[EventCountry "NET"]
[SourceTitle "playchess.com"]
[Source "ChessBase"]
[SourceQuality "1"]
[TimeControl "900+5"]

1. b3 Nf6 2. Bb2 g6 3. Bxf6 exf6 4. c4 d5 5. cxd5 Qxd5 6. Nc3 Qa5 7. g3 c6 8. Bg2 f5 9. e3 Bg7 10. Nge2 O-O 11. O-O Nd7 12. Qc2 Nf6 13. d4 Be6 14. Na4 Bd5 15. Nf4 Bxg2 16. Kxg2 Ne4 17. Rac1 Rfe8 18. Rfd1 Bh6 19. Nd3 Qd5 20. Qc4 Qd8 21. Nac5 Qe7 22. Re1 Nd6 23. Qc2 Rac8 24. Ne5 Bg7 25. Nf3 Ne4 26. h4 b6 27. Nxe4 fxe4 28. Nd2 h5 29. Qb1 Bf6 30. Rc4 Qe6 31. Rec1 Qd5 32. Qc2 Re6 33. b4 Be7 34. a3 g5 35. hxg5 h4 36. gxh4 Qf5 37. Qd1 Kg7 38. Nf1 Rh8 39. Ng3 Qd5 40. Qg4 b5 41. R4c3 Kf8 42. Rh1 Bd6 43. Qf5 Qa2 44. Rxc6 Qxa3 45. Rc8+ Kg7 46. Rxh8 Kxh8 47. Qxf7 Re7 48. Qf6+ 1-0

[Event "European Online Club-ch-E 2021"]
[Site "Online"]
[Date "2021.03.27"]
[Round "4.11"]
[White "Aydin, Gulenay"]
[Black "Hauge, Lars Oskar"]
[Result "0-1"]
[ECO "B13"]
[WhiteElo "1975"]
[BlackElo "2483"]
[Annotator "ChessBase"]
[PlyCount "82"]
[EventDate "2021.03.27"]
[EventType "team-tourn"]
[EventCountry "NET"]
[SourceTitle "playchess.com"]
[Source "ChessBase"]
[SourceQuality "1"]
[TimeControl "900+5"]

1. e4 c6 2. d4 d5 3. exd5 cxd5 4. c4 Nf6 5. Nc3 Nc6 6. Bg5 Be6 7. Nf3 Qa5 8. Bxf6 exf6 9. c5 Bxc5 10. Bb5 Bb4 11. O-O Rc8 12. Bxc6+ Rxc6 13. Ne2 O-O 14. a3 Bd6 15. Nc3 Qd8 16. Re1 Bb8 17. h3 g6 18. Qd2 Kg7 19. Re2 Qd6 20. Rae1 a6 21. Na4 Bf5 22. Nc5 Rc7 23. Nd3 Be4 24. Re3 Rfc8 25. Nc5 Bxf3 26. Rxf3 b6 27. b4 bxc5 28. bxc5 Qc6 29. g4 Rb7 30. h4 Qc7 31. Rg3 Qd7 32. Rg2 h6 33. g5 fxg5 34. hxg5 hxg5 35. Qxg5 Rh8 36. f3 Qh3 37. Qxd5 Qh1+ 38. Kf2 Rb2+ 39. Re2 Rxe2+ 40. Kxe2 Qxg2+ 41. Ke3 Re8+ 0-1